TOP OF THE 1ST |
Baltimore Orioles batting - Pitching for Oakland Athletics : RHP Sean Hill
|
Pitching: RHP Sean Hill
|
|
Batting: RHB Alex Rodriguez Jr.
|
0-0: Called Strike 0-1: Ball 1-1: Ball 2-1: Ground out U3 (Groundball, 3, EV 86.2 MPH)
|
Batting: RHB Kevin Howard
|
0-0: Ball 1-0: Called Strike 1-1: Called Strike 1-2: Strikes out looking
|
Batting: LHB Brad Pepin
|
0-0: Swinging Strike 0-1: Ball 1-1: Ball 2-1: Ground out 5-3 (Groundball, 56S, EV 87.5 MPH)
|
Top of the 1st over - 0 runs, 0 hits, 0 errors, 0 left on base; Baltimore 0 - Oakland 0 |
BOTTOM OF THE 1ST |
Oakland Athletics batting - Pitching for Baltimore Orioles : RHP Bobby O'Connell
|
Pitching: RHP Bobby O'Connell
|
|
Batting: RHB Muneo Kawachi
|
0-0: Called Strike 0-1: Swinging Strike 0-2: Strikes out swinging
|
Batting: SHB Ryan Langlois
|
0-0: Called Strike 0-1: Called Strike 0-2: Strikes out swinging
|
Batting: SHB Robert Handy
|
0-0: Ground out 4-3 (Groundball, 4, EV 103.1 MPH)
|
Bottom of the 1st over - 0 runs, 0 hits, 0 errors, 0 left on base; Baltimore 0 - Oakland 0 |
TOP OF THE 2ND |
Baltimore Orioles batting - Pitching for Oakland Athletics : RHP Sean Hill
|
Batting: LHB Stu Sornson
|
0-0: Swinging Strike 0-1: Ball 1-1: Called Strike 1-2: Ball 2-2: Strikes out looking
|
Batting: LHB Paul Diaz
|
0-0: Ball 1-0: Called Strike 1-1: Ground out 4-3 (Groundball, 4, EV 105.0 MPH)
|
Batting: RHB Dermott Neill
|
0-0: Ball 1-0: Foul Ball, location: 2F 1-1: Ground out 6-3 (Groundball, 6, EV 86.9 MPH)
|
Top of the 2nd over - 0 runs, 0 hits, 0 errors, 0 left on base; Baltimore 0 - Oakland 0 |
BOTTOM OF THE 2ND |
Oakland Athletics batting - Pitching for Baltimore Orioles : RHP Bobby O'Connell
|
Batting: SHB Bob Morales
|
0-0: Ball 1-0: Ball 2-0: Called Strike 2-1: Fly out, F5 (Popup, 5SF, EV 84.4 MPH)
|
Batting: LHB George Leary
|
0-0: Called Strike 0-1: Ball 1-1: Swinging Strike 1-2: Strikes out swinging
|
Batting: RHB Danny Miramontes
|
0-0: Foul Ball, location: 2F 0-1: Ground out 4-3 (Groundball, 4, EV 82.5 MPH)
|
Bottom of the 2nd over - 0 runs, 0 hits, 0 errors, 0 left on base; Baltimore 0 - Oakland 0 |
TOP OF THE 3RD |
Baltimore Orioles batting - Pitching for Oakland Athletics : RHP Sean Hill
|
Batting: RHB Randy Johnson Jr.
|
0-0: Ball 1-0: Ball 2-0: SINGLE (Line Drive, 89S, EV 91.2 MPH)
|
Batting: RHB Jeremy Giesler
|
0-0: Ball 1-0: Foul Ball, location: 2F 1-1: Ball 2-1: Ball 3-1: Called Strike 3-2: Strikes out swinging
|
Batting: RHB Carlos Talavera
|
0-0: Ball Randy Johnson Jr. is caught stealing 2nd base 2-4 1-0: Foul Ball, location: 2F 1-1: Swinging Strike 1-2: Strikes out looking
|
Top of the 3rd over - 0 runs, 1 hit, 0 errors, 0 left on base; Baltimore 0 - Oakland 0 |
BOTTOM OF THE 3RD |
Oakland Athletics batting - Pitching for Baltimore Orioles : RHP Bobby O'Connell
|
Batting: SHB Rich Muniz
|
0-0: Ball 1-0: Ball 2-0: Swinging Strike 2-1: Foul Ball, location: 2F 2-2: Ball 3-2: Foul Ball, location: 2F 3-2: Fly out, F8 (Flyball, 8LD, EV 85.0 MPH)
|
Batting: RHB Trevor Conklin
|
0-0: Ball 1-0: Ball 2-0: Called Strike 2-1: Ball 3-1: Foul Ball, location: 2F 3-2: Foul Ball, location: 2F 3-2: Ground out 1-3 (Groundball, 13S, EV 73.1 MPH)
|
Batting: RHB Jorge Bernal
|
0-0: Called Strike 0-1: Fly out, F4 (Flyball, 4MD, EV 88.8 MPH)
|
Bottom of the 3rd over - 0 runs, 0 hits, 0 errors, 0 left on base; Baltimore 0 - Oakland 0 |
TOP OF THE 4TH |
Baltimore Orioles batting - Pitching for Oakland Athletics : RHP Sean Hill
|
Batting: RHB Alex Rodriguez Jr.
|
0-0: Called Strike 0-1: Ball 1-1: Foul Ball, location: 2F 1-2: Fly out, F9 (Line Drive, 9, EV 86.9 MPH)
|
Batting: RHB Kevin Howard
|
0-0: Foul Ball, location: 2F 0-1: Called Strike 0-2: Ball 1-2: Foul Ball, location: 2F 1-2: Ball 2-2: Fly out, F7 (Flyball, 78D, EV 101.9 MPH)
|
Batting: LHB Brad Pepin
|
0-0: Ball 1-0: SOLO HOME RUN (Flyball, 9D, EV 96.2 MPH), Distance : 383 ft
|
Batting: LHB Stu Sornson
|
0-0: SINGLE (Line Drive, 5D, EV 99.4 MPH)
|
Batting: LHB Paul Diaz
|
0-0: Ball 1-0: Called Strike 1-1: Foul Ball, location: 2F 1-2: Foul Ball, location: 2F 1-2: Foul Ball, location: 2F 1-2: Ball 2-2: Foul Ball, location: 2F 2-2: Fly out, F4 (Line Drive, 4, EV 75.0 MPH)
|
Top of the 4th over - 1 run, 2 hits, 0 errors, 1 left on base; Baltimore 1 - Oakland 0 |
BOTTOM OF THE 4TH |
Oakland Athletics batting - Pitching for Baltimore Orioles : RHP Bobby O'Connell
|
Batting: RHB Muneo Kawachi
|
0-0: SINGLE (Line Drive, 6M, EV 95.0 MPH)
|
Batting: SHB Ryan Langlois
|
0-0: Ball 1-0: Ball 2-0: Ball 3-0: Called Strike 3-1: Base on Balls Muneo Kawachi to second
|
Batting: SHB Robert Handy
|
0-0: Ball 1-0: Called Strike 1-1: Called Strike 1-2: Ball 2-2: Strikes out looking
|
Batting: SHB Bob Morales
|
0-0: Called Strike 0-1: Swinging Strike 0-2: Grounds into double play, 6-4-3 (Groundball, 6, EV 77.5 MPH)
|
Bottom of the 4th over - 0 runs, 1 hit, 0 errors, 1 left on base; Baltimore 1 - Oakland 0 |
TOP OF THE 5TH |
Baltimore Orioles batting - Pitching for Oakland Athletics : RHP Sean Hill
|
Pitching: RHP John Owens
|
|
Batting: RHB Dermott Neill
|
0-0: Called Strike 0-1: Ball 1-1: Reached on error, E4 (Groundball, 4, EV 96.2 MPH)
|
Batting: RHB Randy Johnson Jr.
|
0-0: Grounds into double play, 5-4-3 (Groundball, 5, EV 109.4 MPH)
|
Batting: RHB Jeremy Giesler
|
0-0: Ground out 4-3 (Groundball, 4S, EV 90.6 MPH)
|
Top of the 5th over - 0 runs, 0 hits, 1 error, 0 left on base; Baltimore 1 - Oakland 0 |
BOTTOM OF THE 5TH |
Oakland Athletics batting - Pitching for Baltimore Orioles : RHP Bobby O'Connell
|
Pitching: LHP Randy Adams
|
|
Batting: LHB George Leary
|
0-0: Foul Ball, location: 2F 0-1: Ball 1-1: Foul Ball, location: 2F 1-2: Ball 2-2: Strikes out swinging
|
Batting: RHB Danny Miramontes
|
0-0: Called Strike 0-1: Ball 1-1: Foul Ball, location: 2F 1-2: Ball 2-2: Foul Ball, location: 2F 2-2: Foul Ball, location: 2F 2-2: Foul Ball, location: 2F 2-2: Ball 3-2: Foul Ball, location: 2F 3-2: Reached via error on a dropped throw from 2B, E3 (Groundball, 4, EV 108.8 MPH)
|
Batting: SHB Rich Muniz
|
0-0: Foul Ball, location: 2F 0-1: Ball 1-1: Foul Ball, location: 2F 1-2: Strikes out swinging
|
Batting: RHB Trevor Conklin
|
0-0: Ball 1-0: Hit by Pitch Danny Miramontes to second
|
Batting: RHB Jorge Bernal
|
0-0: Foul Ball, location: 2F 0-1: Called Strike 0-2: SINGLE (Flyball, 78M, EV 88.8 MPH) Danny Miramontes to third Trevor Conklin to second Runner from 3rd tries for Home, SAFE, throw by CF to home
|
Batting: RHB Muneo Kawachi
|
0-0: Ball 1-0: SINGLE (Line Drive, 9S, EV 92.5 MPH) Trevor Conklin to third Jorge Bernal to second Runner from 3rd tries for Home, SAFE, throw by RF to trailing runner, OUT at third! 9-3-5
|
Bottom of the 5th over - 2 runs, 2 hits, 1 error, 1 left on base; Baltimore 1 - Oakland 2 |
TOP OF THE 6TH |
Baltimore Orioles batting - Pitching for Oakland Athletics : RHP John Owens
|
Batting: RHB Carlos Talavera
|
0-0: Ball 1-0: Called Strike 1-1: Foul Ball, location: 2F 1-2: Foul Ball, location: 2F 1-2: Strikes out swinging
|
Batting: RHB Alex Rodriguez Jr.
|
0-0: Swinging Strike 0-1: SOLO HOME RUN (Flyball, 89XD, EV 114.4 MPH), Distance : 427 ft
|
Batting: RHB Kevin Howard
|
0-0: Ball 1-0: Swinging Strike 1-1: Called Strike 1-2: Strikes out swinging
|
Batting: LHB Brad Pepin
|
0-0: Foul Ball, location: 2F 0-1: Ground out 6-3 (Groundball, 6, EV 86.2 MPH)
|
Top of the 6th over - 1 run, 1 hit, 0 errors, 0 left on base; Baltimore 2 - Oakland 2 |
BOTTOM OF THE 6TH |
Oakland Athletics batting - Pitching for Baltimore Orioles : LHP Randy Adams
|
Pitching: RHP Joon-ho Rhee
|
|
Batting: SHB Ryan Langlois
|
0-0: Called Strike 0-1: Ball 1-1: Ball 2-1: Ball 3-1: Foul Ball, location: 2F 3-2: Foul Ball, location: 2F 3-2: Base on Balls
|
Batting: SHB Robert Handy
|
0-0: Called Strike 0-1: Swinging Strike 0-2: Ball 1-2: Ball 2-2: Foul Ball, location: 2F 2-2: Foul Ball, location: 2F 2-2: Strikes out swinging
|
Batting: SHB Bob Morales
|
0-0: Swinging Strike 0-1: Ball 1-1: Called Strike Ryan Langlois steals 2nd base 1-2: Ball 2-2: Ground out 4-3 (Groundball, 4, EV 81.9 MPH) Ryan Langlois to third
|
Batting: LHB George Leary
|
0-0: Fly out, F8 (Flyball, 8LM, EV 76.2 MPH)
|
Bottom of the 6th over - 0 runs, 0 hits, 0 errors, 1 left on base; Baltimore 2 - Oakland 2 |
TOP OF THE 7TH |
Baltimore Orioles batting - Pitching for Oakland Athletics : RHP John Owens
|
Batting: LHB Stu Sornson
|
0-0: Ball 1-0: Called Strike 1-1: Ball 2-1: Ball 3-1: Foul Ball, location: 2F 3-2: Base on Balls
|
Batting: LHB Paul Diaz
|
0-0: 2-RUN HOME RUN (Line Drive, 89XD, EV 108.8 MPH), Distance : 432 ft
|
Pitching: LHP Neal Chauveau
|
|
Batting: RHB Dermott Neill
|
0-0: Called Strike 0-1: Ball 1-1: Foul Ball, location: 2F 1-2: Strikes out looking
|
Batting: RHB Randy Johnson Jr.
|
0-0: Ball 1-0: Swinging Strike 1-1: Ball 2-1: Ball 3-1: Base on Balls
|
Batting: RHB Jeremy Giesler
|
0-0: Ball 1-0: Ball 2-0: Called Strike 2-1: Swinging Strike 2-2: Strikes out swinging
|
Batting: RHB Carlos Talavera
|
0-0: Ball 1-0: Ball 2-0: Ball 3-0: Base on Balls Randy Johnson Jr. to second
|
Pinch Hitting: RHB Andres Leon
|
0-0: SINGLE (Line Drive, 89S, EV 96.9 MPH) Randy Johnson Jr. to third Carlos Talavera to second Runner from 3rd tries for Home, SAFE, throw by RF to home
|
Pinch Hitting: RHB Saimei Kudo
|
0-0: Ball 1-0: Foul Ball, location: 2F 1-1: Ball 2-1: Fly out, F3 (Popup, 3F, EV 74.4 MPH)
|
Top of the 7th over - 3 runs, 2 hits, 0 errors, 2 left on base; Baltimore 5 - Oakland 2 |
BOTTOM OF THE 7TH |
Oakland Athletics batting - Pitching for Baltimore Orioles : RHP Joon-ho Rhee
|
Pitching: RHP Travis Tovey
|
|
Now at 3B: Saimei Kudo
|
|
Now at SS: Andres Leon
|
|
Batting: RHB Danny Miramontes
|
0-0: Called Strike 0-1: Foul Ball, location: 2F 0-2: Foul Ball, location: 2F 0-2: Foul Ball, location: 2F 0-2: Ball 1-2: Strikes out swinging
|
Batting: SHB Rich Muniz
|
0-0: Ball 1-0: Ball 2-0: Ball 3-0: Base on Balls
|
Batting: RHB Trevor Conklin
|
0-0: Ball 1-0: Ball 2-0: Fly out, F4 (Popup, 4, EV 58.1 MPH)
|
Batting: RHB Jorge Bernal
|
0-0: Ball 1-0: Called Strike Rich Muniz steals 2nd base 1-1: Ball 2-1: Fly out, F8 (Flyball, 89D, EV 94.4 MPH)
|
Bottom of the 7th over - 0 runs, 0 hits, 0 errors, 1 left on base; Baltimore 5 - Oakland 2 |
TOP OF THE 8TH |
Baltimore Orioles batting - Pitching for Oakland Athletics : LHP Neal Chauveau
|
Pinch Hitting: RHB Marc Peckermark
|
0-0: Ball 1-0: Called Strike 1-1: Foul Ball, location: 2F 1-2: Ball 2-2: Strikes out swinging
|
Pinch Hitting: LHB Gabe Pace
|
0-0: Ball 1-0: Called Strike 1-1: Ball 2-1: Ball 3-1: Base on Balls
|
Pinch Hitting: RHB Ruben Garza
|
0-0: Ball 1-0: Ground out 4-3 (Groundball, 34, EV 108.1 MPH) Gabe Pace to second
|
Batting: SHB Jason Hayes
|
0-0: Called Strike 0-1: Ground out 4-3 (Groundball, 4, EV 91.2 MPH)
|
Top of the 8th over - 0 runs, 0 hits, 0 errors, 1 left on base; Baltimore 5 - Oakland 2 |
BOTTOM OF THE 8TH |
Oakland Athletics batting - Pitching for Baltimore Orioles : RHP Travis Tovey
|
Pitching: RHP Paul Schwartz
|
|
Now at 2B: Andres Leon
|
|
Now at SS: Ruben Garza
|
|
Now in LF: Gabe Pace
|
|
Now in CF: Marc Peckermark
|
|
Batting: RHB Muneo Kawachi
|
0-0: Called Strike 0-1: Reached on error, E3 (Groundball, 34, EV 85.0 MPH)
|
Pinch Hitting: LHB Nate Dean
|
0-0: Ball 1-0: Ground out 4-3 (Groundball, 4, EV 103.1 MPH) Muneo Kawachi to third
|
Batting: SHB Robert Handy
|
0-0: Called Strike 0-1: Ball 1-1: Ball 2-1: Ball 3-1: Base on Balls
|
Pinch Hitting: LHB Tony Vitela
|
0-0: Called Strike 0-1: Swinging Strike 0-2: Ball 1-2: Strikes out looking
|
Batting: LHB George Leary
|
0-0: Foul Ball, location: 2F 0-1: Ground out 4-3 (Groundball, 4D, EV 99.4 MPH)
|
Bottom of the 8th over - 0 runs, 0 hits, 1 error, 2 left on base; Baltimore 5 - Oakland 2 |
TOP OF THE 9TH |
Baltimore Orioles batting - Pitching for Oakland Athletics : LHP Neal Chauveau
|
Pitching: RHP John Barney
|
|
Now at SS: Nate Dean
|
|
Now in LF: Rich Muniz
|
|
Now in RF: Tony Vitela
|
|
Pinch Hitting: RHB Vince Jackson
|
0-0: Foul Ball, location: 2F 0-1: Ball 1-1: Fly out, F8 (Flyball, 78D, EV 103.8 MPH)
|
Pinch Hitting: RHB Casey Nelligan
|
0-0: Ball 1-0: Swinging Strike 1-1: Ball 2-1: Ball 3-1: Called Strike 3-2: Strikes out swinging
|
Batting: RHB Carlos Talavera
|
0-0: Ball 1-0: Foul Ball, location: 2F 1-1: Ground out 4-3 (Groundball, 4S, EV 70.6 MPH)
|
Top of the 9th over - 0 runs, 0 hits, 0 errors, 0 left on base; Baltimore 5 - Oakland 2 |
BOTTOM OF THE 9TH |
Oakland Athletics batting - Pitching for Baltimore Orioles : RHP Paul Schwartz
|
Pitching: RHP Jacob Taylor
|
|
Now at 1B: Vince Jackson
|
|
Now in LF: Marc Peckermark
|
|
Now in CF: Bob Melley
|
|
Now in RF: Casey Nelligan
|
|
Batting: RHB Danny Miramontes
|
0-0: Ball 1-0: Ground out 3-1 (Groundball, 34S, EV 88.1 MPH)
|
Pinch Hitting: RHB Danny Murillo
|
0-0: Ball 1-0: Ground out 5-3 (Groundball, 56, EV 91.9 MPH)
|
Pinch Hitting: RHB Javier Garcia
|
0-0: Swinging Strike 0-1: Fly out, F8 (Flyball, 8RM, EV 94.4 MPH)
|
Bottom of the 9th over - 0 runs, 0 hits, 0 errors, 0 left on base; Baltimore 5 - Oakland 2 |
|